 Dungeon Crawl Stone Soup version 0.19.5 (webtiles) character file.

5482 miragecloak the Basher (level 10, -19/90 HPs)
             Began as a Hill Orc Monk on Apr 24, 2017.
             Was a High Priest of Okawaru.
             Demolished by a cyclops (22 damage)
             ... on level 10 of the Dungeon on Apr 25, 2017.
             The game lasted 00:22:13 (13051 turns).

miragecloak the Basher (Hill Orc Monk)             Turns: 13051, Time: 00:22:14

Health: -19/90     AC:  8    Str: 18      XL:     10   Next: 69%
Magic:  12/12      EV: 13    Int: 10      God:    Okawaru [*****.]
Gold:   112        SH:  5    Dex: 14 (16) Spells: 0 memorised, 9 levels left

rFire  . . .     SeeInvis .     u - +0 morningstar
rCold  . . .     Gourm    .     M - +0 troll leather armour
rNeg   . . .     Faith    .     E - +0 buckler
rPois  +         Spirit   .     (no helmet)
rElec  .         Reflect  .     N - +0 cloak (curse)
rCorr  .         Harm     .     b - +0 pair of gloves
MR     .....                    (no boots)
Stlth  ++........               (no amulet)
                                p - +3 ring of strength (curse)
                                m - ring of poison resistance

@: no status effects
A: no striking features
a: Heroism, Finesse, Renounce Religion


You were on level 10 of the Dungeon.
You worshipped Okawaru.
Okawaru was extremely pleased with you.
You were very hungry.

You visited 2 branches of the dungeon, and saw 11 of its levels.

You collected 577 gold pieces.
You spent 465 gold pieces at shops.

Inventory:

Hand Weapons
 u - a +0 morningstar (weapon)
Armour
 b - a +0 pair of gloves (worn)
 y - a +1 cloak
 E - a +0 buckler (worn)
 M - a +0 troll leather armour (worn)
 N - a cursed +0 cloak (worn)
 Q - a +0 plate armour
Jewellery
 m - a ring of poison resistance (left hand)
 p - a cursed +3 ring of strength (right hand)
Wands
 n - a wand of acid (2/15)
 r - a wand of random effects (21/48)
 x - a wand of slowing (7/48)
Scrolls
 a - a scroll of noise {unknown}
 d - 4 scrolls of teleportation
 e - a scroll of magic mapping {unknown}
 g - 2 scrolls of immolation {unknown}
 k - 6 scrolls of remove curse {unknown}
 l - 6 scrolls of identify
 s - a scroll of fear {unknown}
 w - a scroll of blinking {unknown}
 A - 3 scrolls of random uselessness {unknown}
 D - 3 scrolls of fog {unknown}
 F - 2 scrolls of silence {unknown}
 G - 3 scrolls of enchant weapon
 K - a scroll of recharging {unknown}
 O - a scroll of amnesia {unknown}
 R - a scroll of brand weapon
Potions
 f - a potion of brilliance {unknown}
 h - 4 potions of heal wounds {unknown}
 i - 5 potions of curing {unknown}
 j - a potion of flight {unknown}
 o - a potion of haste {unknown}
 q - 2 potions of mutation {unknown}
 t - 4 potions of agility {unknown}
 v - 4 potions of degeneration {unknown}
 B - 3 potions of lignification {unknown}
 H - a potion of might {unknown}
Books
 J - a book of Battle

   Spells                             Type                      Level
   a - Infusion                       Charms                       1
   b - Shroud of Golubria             Charms/Translocation         2
   c - Song of Slaying                Charms                       2
   d - Spectral Weapon                Hexes/Charms                 3
   e - Regeneration                   Charms/Necromancy            3
 P - a book of Debilitation

   Spells                             Type                      Level
   a - Corona                         Hexes                        1
   b - Slow                           Hexes                        2
   c - Gell's Gravitas                Hexes/Translocation          3
   d - Inner Flame                    Hexes/Fire                   3
   e - Cause Fear                     Hexes                        4
   f - Leda's Liquefaction            Hexes/Earth                  4
 S - a book of Air

   Spells                             Type                      Level
   a - Shock                          Conjuration/Air              1
   b - Swiftness                      Charms/Air                   2
   c - Repel Missiles                 Charms/Air                   2
   d - Static Discharge               Conjuration/Air              3
   e - Lightning Bolt                 Conjuration/Air              5
Comestibles
 c - 15 bread rations
 z - 3 meat rations
 C - 10 beef jerkies
 I - 11 fruits
 L - a royal jelly


   Skills:
 + Level 8.7 Fighting
 - Level 12.0 Maces & Flails
 - Level 8.0 Armour
 - Level 3.0 Dodging
 - Level 1.5 Stealth
 - Level 4.3 Shields
 + Level 3.1 Invocations


You had 9 spell levels left.
You didn't know any spells.

Dungeon Overview and Level Annotations

Branches:
Dungeon (10/15)            Temple (1/1) D:4            Lair (0/6) D:10
    Orc (0/2) D:10

Altars:
Ashenzari
Cheibriados
Dithmenos
Elyvilon
Fedhas
Gozag
Hepliaklqana
Kikubaaqudgha
Makhleb
Nemelex Xobeh
Okawaru
Qazlal
Ru
Sif Muna
Trog
Uskayaw
Vehumet
Xom
Yredelemnul
Zin
The Shining One

Shops:
D:4 ?   D:5 ?   D:9 ?   D:10 ?


Message History

The cyclops hits you!
You hit the cyclops.
The cyclops is heavily wounded.
You block the cyclops's attack.
You hit the cyclops.
The cyclops is severely wounded.
The cyclops hits you!!
* * * LOW HITPOINT WARNING * * *
You hit the cyclops.
The cyclops is almost dead.
You hit the cyclops but do no damage.
The cyclops is almost dead.
The cyclops hits you!
* * * LOW HITPOINT WARNING * * *
You barely miss the cyclops.
The cyclops is almost dead.
You hit the cyclops.
The cyclops is almost dead.
The cyclops hits you!!
You die... ..# .## ## #.....# ...... ≈≈ #.....# ...... # #. #.....# ..##.. #≈.∩ #.....# .... . #≈#. #.....### ..... ≈Ct

.......# ..##.#
####'## #......#
..# .#
##....(###(.....#
#........C@.....##
....#######.....#
... #.....# .
#.....# #.....#
#.....# #.....#
#####.####
#....#######


You could see a cyclops.

Vanquished Creatures
  The ghost of Mesmaeker13 the Fighter, a novice FoAK of Lugonu (D:9)
  The ghost of miragecloak the Ruffian, an amateur NaTm (D:4)
  2 trolls
  A hippogriff (D:9)
  A wraith (D:10)
  A hungry ghost (D:9)
  A mottled dragon (D:9)
  A warg (D:10)
  2 orc warriors
  An ice beast (D:8)
  5 ogres
  A black bear (D:10)
  A necrophage (D:10)
  2 centaurs (D:8)
  A crocodile (D:10)
  Blork the orc (D:5)
  2 big kobolds
  5 bullfrogs
  A wyvern zombie (D:8)
  3 scorpions
  A howler monkey (D:4)
  4 crimson imps
  A quasit (D:9)
  2 bullfrog zombies (D:5)
  A jelly (D:9)
  2 centaur skeletons (D:4)
  A centaur zombie (D:5)
  A gnoll shaman (D:5)
  3 hounds
  6 orc priests
  8 orc wizards
  2 bullfrog skeletons
  3 iguanas
  Natasha (thrice) (D:3)
  5 worker ants
  A hound skeleton (D:5)
  A hound zombie (D:5)
  A howler monkey zombie (D:5)
  15 gnolls
  10 adders
  3 shadow imps
  3 oozes
  An adder skeleton (D:4)
  4 adder zombies
  A worm (D:3)
  4 dart slugs
  4 leopard geckos
  36 orcs
  2 giant cockroaches
  10 goblins
  8 hobgoblins
  2 jackals (D:7)
  3 quokkas
  10 bats
  A frilled lizard (D:3)
  A giant cockroach zombie (D:5)
  34 kobolds
  2 leopard gecko skeletons
  A quokka skeleton (D:5)
  10 rats
245 creatures vanquished.

Vanquished Creatures (others)
  A leopard gecko (D:8)
1 creature vanquished.

Grand Total: 246 creatures vanquished

Notes
Turn   | Place    | Note
-------+----------+-------------------------------------------
     0 | D:1      | miragecloak the Hill Orc Monk began the quest for the Orb.
     0 | D:1      | Reached XP level 1. HP: 19/19 MP: 1/1
   133 | D:1      | Reached XP level 2. HP: 4/26 MP: 2/2
   622 | D:1      | Reached skill level 4 in Maces & Flails
  1027 | D:1      | Reached XP level 3. HP: 20/31 MP: 3/3
  1539 | D:2      | Found a sacrificial altar of Ru.
  1557 | D:2      | Reached skill level 5 in Maces & Flails
  1557 | D:2      | Reached XP level 4. HP: 13/39 MP: 4/4
  2425 | D:3      | Found a stormy altar of Qazlal.
  2441 | D:3      | Reached skill level 6 in Maces & Flails
  2446 | D:3      | Reached XP level 5. HP: 33/45 MP: 5/5
  2859 | D:3      | Noticed Natasha
  2878 | D:3      | Killed Natasha
  3296 | D:3      | Noticed Natasha
  3309 | D:3      | Killed Natasha
  3673 | D:3      | Reached skill level 7 in Maces & Flails
  3673 | D:3      | Reached XP level 6. HP: 47/52 MP: 6/6
  4338 | D:4      | Reached skill level 5 in Fighting
  4765 | D:4      | Reached XP level 7. HP: 45/61 MP: 7/7
  4855 | D:4      | Noticed miragecloak's ghost (amateur NaTm)
  5030 | D:3      | Noticed Natasha
  5035 | D:3      | Killed Natasha
  5897 | D:4      | Killed miragecloak's ghost
  5897 | D:4      | Reached skill level 8 in Maces & Flails
  6046 | D:5      | Entered Level 5 of the Dungeon
  6046 | D:5      | Noticed Blork the orc
  6445 | D:4      | Reached XP level 8. HP: 45/71 MP: 8/8
  6593 | D:4      | Found a staircase to the Ecumenical Temple.
  6615 | Temple   | Entered the Ecumenical Temple
  6721 | Temple   | Became a worshipper of Warmaster Okawaru
  6721 | Temple   | Reached * piety under Okawaru
  6721 | Temple   | Reached ** piety under Okawaru
  6847 | D:4      | Found Zapun's Magic Scroll Shop.
  7006 | D:4      | Bought a scroll of identify for 20 gold pieces
  7426 | D:4      | Reached skill level 9 in Maces & Flails
  7586 | D:5      | Killed Blork the orc
  7991 | D:5      | Reached skill level 1 in Armour
  8190 | D:5      | Found Lonnod's Magic Scroll Shoppe.
  8194 | D:5      | Bought a scroll of identify for 24 gold pieces
  8194 | D:5      | Bought a scroll of teleportation for 36 gold pieces
  8265 | D:5      | Reached skill level 1 in Shields
  8270 | D:5      | Found a deep blue altar of Sif Muna.
  9099 | D:6      | Reached skill level 10 in Maces & Flails
  9099 | D:6      | Reached XP level 9. HP: 64/81 MP: 9/9
  9795 | D:7      | Reached *** piety under Okawaru
 10205 | D:7      | Noticed a troll
 10218 | D:7      | Killed a troll
 11087 | D:8      | Reached **** piety under Okawaru
 11092 | D:8      | Reached skill level 5 in Armour
 11517 | D:9      | Found a bloodstained altar of Trog.
 11561 | D:9      | Noticed Mesmaeker13's ghost (novice FoAK)
 11608 | D:8      | Noticed a two-headed ogre
 11679 | D:9      | Killed Mesmaeker13's ghost
 11679 | D:9      | Reached skill level 11 in Maces & Flails
 11679 | D:9      | Reached XP level 10. HP: 28/88 MP: 10/10
 11777 | D:9      | Found Wami's Magic Scroll Emporium.
 11955 | D:9      | Bought a scroll of brand weapon for 280 gold pieces
 11955 | D:9      | Bought a scroll of enchant weapon for 105 gold pieces
 12096 | D:9      | Reached ***** piety under Okawaru
 12477 | D:10     | Entered Level 10 of the Dungeon
 12606 | D:10     | Found a staircase to the Lair.
 12633 | D:10     | Found a staircase to the Orcish Mines.
 12693 | D:10     | Reached skill level 12 in Maces & Flails
 12754 | D:10     | Reached skill level 1 in Invocations
 13020 | D:10     | Found Tuyly's Magic Scroll Shop.
 13020 | D:10     | Noticed a cyclops
 13049 | D:10     | HP: 2/90 [cyclops (10)]
 13051 | D:10     | Demolished by a cyclops

Skill      XL: |  1  2  3  4  5  6  7  8  9 10 |
---------------+-------------------------------+-----
Maces & Flails | 4 5 6 7 8 10 11 12 | 12.0
Fighting       | 4 5 6 8 |  8.7
Armour         | 2 7 8 |  8.0
Shields        | 3 4 |  4.3
Dodging        | 3 |  3.0
Invocations    | 3 |  3.1
Stealth        | |  1.5

Action                   |  1- 3 |  4- 6 |  7- 9 | 10-12 || total
-------------------------+-------+-------+-------+-------++-------
Melee: Mace              |    98 |   126 |       |       ||   224
       Morningstar       |       |   109 |   534 |   245 ||   888
 Stab: Sleeping          |     1 |     4 |     3 |     1 ||     9
       Paralysed         |       |     1 |       |       ||     1
       Distracted        |       |       |       |     1 ||     1
  Eat: Chunk             |     1 |    10 |    22 |     8 ||    41
       Fruit             |       |       |     1 |       ||     1
Armor: Robe              |    16 |     7 |       |       ||    23
       Leather armour    |       |    46 |   101 |       ||   147
       Troll leather arm |       |       |    25 |    86 ||   111
Dodge: Dodged            |    71 |   153 |   287 |   119 ||   630
Block: Buckler           |       |       |    81 |    71 ||   152
